 Dungeon Crawl Stone Soup version 0.28-a0-1227-ga9037bb4c8 (webtiles) character file.

Game seed: 14945993747970429613

3142 Lavandula the Grappler (level 10, 0/90 HPs)
             Began as a Formicid Transmuter on Dec 22, 2021.
             Engulfed by a cloud of steam (7 damage)
             ... on level 7 of the Dungeon.
             The game lasted 00:13:49 (8146 turns).

Lavandula the Grappler (Formicid Transmuter)        Turns: 8146, Time: 00:13:50

Health: 0/90       AC:  7    Str: 18    XL:     10   Next: 15%
Magic:  11/13      EV: 10    Int: 14    God:
Gold:   273        SH:  0    Dex: 11    Spells: 3/13 levels left

rFire   x . .      SeeInvis .     - Unarmed
rCold   + + +      Faith    .   (shield currently unavailable)
rNeg    . . .      Spirit   .   (armour currently unavailable)
rPois   +          Reflect  .   (helmet unavailable)
rElec   .          Harm     .   (cloak currently unavailable)
rCorr   .          Rampage  .   (gloves currently unavailable)
Will    +....                   (boots currently unavailable)
Stlth   +.........              (no amulet)
HPRegen 0.25/turn               (no ring)
MPRegen 0.13/turn               (no ring)

@: ice-form, wereblooded
A: freezing attack, amphibious, boosted hp, permanent stasis, dig shafts and
tunnels, large, (antennae 3), four strong arms
a: End Transformation


You were on level 7 of the Dungeon.
You were a creature of crystalline ice.
You visited 1 branch of the dungeon, and saw 7 of its levels.

You collected 273 gold pieces.

Inventory:

Hand Weapons
 p - a +1 short sword of freezing
Missiles
 f - 12 poisoned darts (quivered)
 u - 5 curare-tipped darts
 v - 2 datura-tipped darts
Armour
 d - a +2 chain mail of fire resistance
 z - the +1 robe of Mohantio (melded) {rF++ MP+9 Dex+3}
   (You took it off a gnoll on level 6 of the Dungeon)

   Dex:       It affects your dexterity (+3).
   rF:        It greatly protects you from fire.
   MP:        It affects your magic capacity (+9).
Wands
 k - a wand of polymorph (10)
Scrolls
 b - 2 scrolls of holy word {unknown}
 c - 3 scrolls of magic mapping {unknown}
 h - a scroll of brand weapon {unknown}
 j - a scroll of immolation {unknown}
 l - 4 scrolls of identify {unknown}
 m - a scroll of amnesia {unknown}
 n - 2 scrolls of summoning {unknown}
 o - a scroll of fear {unknown}
 q - a scroll of teleportation {unknown}
 r - a scroll of vulnerability {unknown}
 t - a scroll of enchant weapon {unknown}
 w - 2 scrolls of noise {unknown}
 x - 2 scrolls of silence {unknown}
 y - a scroll of blinking {unknown}
Potions
 a - 2 potions of heal wounds {unknown}
 e - a potion of curing
 g - 4 potions of brilliance
 i - a potion of magic {unknown}
 s - a potion of attraction {unknown}
 A - a potion of lignification {unknown}
 B - a potion of haste {unknown}


   Skills:
 + Level 5.6 Fighting
 - Level 1.7 Dodging
 - Level 9.3 Unarmed Combat
 - Level 2.1 Spellcasting
 - Level 8.2 Transmutations
 - Level 4.0 Ice Magic
 - Level 4.0 Poison Magic


You had 3 spell levels left.
You knew the following spells:

 Your Spells              Type           Power      Damage    Failure   Level
a - Beastly Appendage     Tmut           48%        N/A       1%          1
b - Wereblood             Tmut           24%        N/A       1%          2
c - Spider Form           Tmut/Pois      18%        N/A       6%          3
d - Ice Form              Ice/Tmut       18%        N/A       19%         4

Your spell library contained the following spells:

 Spells                   Type           Power      Damage    Failure   Level
 Passwall                 Tmut/Erth      10%        N/A       7%          2
 Sandblast                Erth           2%         2d4       24%         1
 Static Discharge         Conj/Air       1%         N/A       34%         2
 Call Canine Familiar     Summ           1%         N/A       56%         3
 Portal Projectile        Hex/Tloc       2%         N/A       56%         3
 Stone Arrow              Conj/Erth      2%         3d7       56%         3
 Leda's Liquefaction      Hex/Erth       0%         N/A       93%         4
 Freezing Cloud           Conj/Ice/Air   2%         6-21      98%         5
 Lightning Bolt           Conj/Air       0%         1d11      100%        5
 Simulacrum               Ice/Necr       3%         N/A       100%        6
 Maxwell's Capacitive Co  Air            0%         ∞         100%        8
 Polar Vortex             Ice            6%         N/A       100%        9


Dungeon Overview and Level Annotations

Branches:
Dungeon (7/15)
 Temple: D:4-7

Altars:
Ashenzari
Cheibriados
Gozag
Okawaru
Xom

Shops:
D:1 :

Annotations:
D:5 Dowan, Duvessa


Innate Abilities, Weirdness & Mutations

You are a creature of crystalline ice.
You have a powerful freezing melee attack.
You are amphibious.
Your maximum health is increased.
Your armour is entirely melded.
You are incapable of wielding weapons or throwing items.
You cannot be hasted, slowed, berserked, paralysed or teleported.
You can dig through walls and to a lower floor.
((You have a pair of large antennae on your head. (SInv)))
Your four strong arms can wield two-handed weapons with a shield.


Message History

You are engulfed in a cloud of scalding steam.
You hit the sky beast. You freeze the sky beast.
The sky beast is lightly wounded.
You are engulfed in a cloud of scalding steam.
The sky beast hits you but does no damage.
You hit the sky beast. You freeze the sky beast.
The sky beast is moderately wounded.
You are engulfed in a cloud of scalding steam.
The sky beast hits you. The sky beast shocks you.
You punch the sky beast! You freeze the sky beast.
The sky beast is heavily wounded.
You are engulfed in a cloud of scalding steam.
The sky beast flickers out of sight!
Deactivating autopickup; reactivate with Ctrl-A.
Something hits you. Something shocks you.
You miss something.
You are engulfed in a cloud of scalding steam.
Something hits you. Something shocks you.
Casting: Ice Form (dangerous; 19% risk of failure)
Confirm with . or Enter, or press ? or * to list all spells.
Your blood is infused with primal strength.
A sky beast appears from thin air!
Reactivating autopickup.
The sky beast hits you but does no damage.
Unknown command.
You pummel the sky beast!! You freeze the sky beast.
You feel a bit better.
You kill the sky beast!
Unknown command.
You start resting.
A steam dragon is nearby!
You pummel the steam dragon!! You freeze the steam dragon!
The steam dragon is almost dead.
You howl as the wereblood boils in your veins!
The steam dragon breathes steam at you. The ball of steam hits you!!!
The steam scalds you terribly!
* * * LOW HITPOINT WARNING * * *
You punch the steam dragon! You freeze the steam dragon.
You feel a bit better.
You kill the steam dragon!
You are engulfed in a cloud of scalding steam.
You die...

############.# #.[..≈≈#!#
..(.#......#.# #....≈≈.##$.
.....)....##.# #.#.$≈≈.$.Y≈≈
.........###.# ##..#≈D§..≈§§
#.......###.## ..§.§§D{≈≈#..
##.....###.## ..§..≈{≈≈#...#
.##...###.## ##§..#{.......
####.##..## ### #..{.......#
####)####.## ##Y# #........).#
#.......##.## #§#####{{........#
#.⌠...⌠.###.# ##....{..........#
#..⌠....###.## #...............#
'†..⌠...'.##.###...............#
#....⌠..#..##.##...............#
#.⌠...⌠.#..#.###...............#
#.......#..#.# #...........#####
#########'##.# #.........#.#


There were no monsters in sight!

Vanquished Creatures
  A cyclops (D:7)
  A slime creature (D:7)
  A hornet (D:6)
  3 steam dragons (D:7)
  An acid dragon (D:7)
  A water moccasin (D:7)
  2 black bears
  2 sky beasts (D:7)
  A necrophage (D:4)
  3 ogres
  A centaur (D:5)
  3 bullfrogs
  A wyvern zombie (D:7)
  4 scorpions
  A water moccasin zombie (D:6)
  A howler monkey (D:7)
  A centaur zombie (D:7)
  2 jellies (D:6)
  A bullfrog skeleton (D:7)
  2 centaur skeletons
  2 iguanas (D:5)
  2 orc wizards (D:6)
  A howler monkey skeleton (D:7)
  10 adders
  7 gnolls
  2 ufetubi (D:5)
  A dart slug (D:1)
  14 orcs
  8 endoplasms
  3 giant cockroaches
  8 goblins
  10 hobgoblins
  5 jackals
  4 kobolds (D:1)
  A quokka (D:4)
  7 ball pythons
  2 bats
  3 frilled lizards
  4 rats (D:1)
127 creatures vanquished.

Notes
Turn   | Place    | Note
-------+----------+-------------------------------------------
     0 | D:1      | Lavandula the Formicid Transmuter began the quest for the
                  | Orb.
     0 | D:1      | Reached XP level 1. HP: 15/15 MP: 3/3
   213 | D:1      | Reached XP level 2. HP: 20/21 MP: 3/5
   221 | D:1      | Learned a level 2 spell: Wereblood
   525 | D:1      | Reached skill level 4 in Unarmed Combat
   525 | D:1      | Reached XP level 3. HP: 23/26 MP: 2/6
   536 | D:1      | Learned a level 3 spell: Spider Form
   909 | D:1      | Found Tats's Book Shoppe.
   917 | D:1      | Reached skill level 1 in Poison Magic
  1642 | D:2      | You fall into a shaft and drop 2 floors!
  1700 | D:4      | Noticed a scorpion
  1704 | D:4      | Killed a scorpion
  1705 | D:4      | Reached XP level 4. HP: 25/32 MP: 7/7
  1705 | D:4      | Reached XP level 5. HP: 29/37 MP: 8/8
  1862 | D:4      | Found an iron altar of Okawaru.
  2460 | D:3      | Reached XP level 6. HP: 16/43 MP: 4/9
  3092 | D:2      | Found a faded altar of an unknown god.
  3386 | D:2      | You fall into a shaft and drop 1 floor!
  3579 | D:4      | Noticed a necrophage
  3591 | D:4      | Killed a necrophage
  3592 | D:4      | Reached skill level 5 in Transmutations
  4279 | D:4      | Noticed an ogre
  4287 | D:4      | Killed an ogre
  4288 | D:4      | Reached skill level 5 in Unarmed Combat
  4288 | D:4      | Reached XP level 7. HP: 24/48 MP: 4/10
  4514 | D:5      | Entered Level 5 of the Dungeon
  4641 | D:5      | Found a shimmering altar of Xom.
  4652 | D:5      | Found a shimmering altar of Xom.
  4693 | D:5      | Found a shimmering altar of Xom.
  4693 | D:5      | Found a shimmering altar of Xom.
  4693 | D:5      | Found a shimmering altar of Xom.
  4698 | D:5      | Found a shimmering altar of Xom.
  4698 | D:5      | Found a shimmering altar of Xom.
  4766 | D:5      | Reached skill level 6 in Unarmed Combat
  5105 | D:5      | Noticed Dowan
  5108 | D:5      | Noticed Duvessa
  5151 | D:6      | Reached XP level 8. HP: 21/54 MP: 2/11
  5357 | D:6      | Reached skill level 7 in Unarmed Combat
  5421 | D:6      | Identified the +1 robe of Mohantio {rF++ MP+9 Dex+3}
  5423 | D:6      | Learned a level 4 spell: Ice Form
  5460 | D:6      | Reached skill level 8 in Unarmed Combat
  5857 | D:6      | Found an opulent altar of Gozag.
  6223 | D:6      | Noticed a hornet
  6229 | D:6      | Killed a hornet
  6230 | D:6      | Reached skill level 9 in Unarmed Combat
  6230 | D:6      | Reached XP level 9. HP: 59/59 MP: 12/12
  6642 | D:6      | Found a snail-covered altar of Cheibriados.
  6651 | D:6      | Found a broken altar of Ashenzari.
  7115 | D:7      | Noticed a cyclops
  7116 | D:7      | Noticed a slime creature
  7385 | D:7      | Killed a slime creature
  7763 | D:7      | Killed a cyclops
  7764 | D:7      | Reached XP level 10. HP: 41/72 MP: 13/13
  8137 | D:7      | Reached skill level 5 in Fighting
  8146 | D:7      | Engulfed by a cloud of steam

Illustrated notes

Levels and vault maps discovered:
D:1:      dpeg_arrival_pond, layout_basic, serial_shops,
          nicolae_shop_advertising_works [nicolae_subvault_shop_adworks],
          minivault_5, st_stairs_2, minmay_tetromino_l4
D:2:      layout_basic, shapermc_ecumenical_altar_starsandcircs
D:3:      layout_rooms
D:4:      minmay_inner_zag, layout_loops_ring, mainiacjoe_overflow_boulevard
D:5:      layout_rooms, xom_redecorated, kennysheep_mini,
          nicolae_overflow_hidden_temple, minmay_temple_entry_overgrown,
          uniq_duvessa
D:6:      layout_loops_ring, marbit_many_paths, mainiacjoe_overflow_swirl,
          hangedman_decor_points
D:7:      minmay_chambers_of_sevens, layout_basic, hangedman_misty_isle

Skill      XL: |  1  2  3  4  5  6  7  8  9 10 |
---------------+-------------------------------+-----
Unarmed Combat | 4 5 6 9 |  9.3
Poison Magic   | 4 |  4.0
Transmutations | 4 5 8 |  8.2
Ice Magic      | 4 |  4.0
Fighting       | 4 5 |  5.6
Dodging        | |  1.7
Spellcasting   | |  2.1

Action                   |  1- 3 |  4- 6 |  7- 9 | 10-12 || total
-------------------------+-------+-------+-------+-------++-------
Melee: Unarmed           |    79 |   103 |   178 |    18 ||   378
       Kick              |    17 |     9 |     3 |       ||    29
       Punch             |       |     2 |       |       ||     2
Throw: Dart              |    10 |       |     6 |       ||    16
 Cast: Beastly Appendage |    21 |    14 |     1 |       ||    36
       Wereblood         |     2 |     4 |     6 |     1 ||    13
       Spider Form       |       |    14 |    24 |       ||    38
       Ice Form          |       |       |     7 |     2 ||     9
 Abil: End Transformatio |       |     1 |       |       ||     1
       Shaft Self        |       |     1 |       |       ||     1
       Dig               |       |       |    10 |     1 ||    11
  Use: Potion            |       |     1 |     4 |       ||     5
 Stab: Sleeping          |     1 |     1 |       |       ||     2
       Distracted        |       |       |     1 |       ||     1
Armor: Robe              |    10 |    10 |     1 |       ||    21
       Skin              |       |     4 |    18 |     8 ||    30
Dodge: Dodged            |    44 |    62 |   135 |     4 ||   245

Table legend: (Time is in decaauts)
 A = Elapsed time spent in this place.
 B = Non-inter-level travel time spent in this place.
 C = Inter-level travel time spent in this place.
 D = Time resting spent in this place.
 E = Time spent auto-exploring this place.
 F = Levels seen in this place.
 G = Mean time per level.
                   A        B        C        D        E       F      G
               +--------+--------+--------+--------+--------+-----+--------+
         Total |   8119 |   8023 |     96 |    830 |   5678 |   7 | 1159.9 |
       Dungeon |   8119 |   8023 |     96 |    830 |   5678 |   7 | 1159.9 |
               +--------+--------+--------+--------+--------+-----+--------+

Top non-repeatable levels by time:
     D:6: 1530 daAuts
     D:4: 1487 daAuts
     D:7: 1480 daAuts
     D:1: 1150 daAuts
     D:2: 1034 daAuts
     D:3: 829 daAuts
     D:5: 606 daAuts
